Map: Automaton LE

Players

UNCLESAM

  • Race: Protoss Protoss
  • Spawn Location: 9:00

Throwfordays - Winner!

  • Race: Zerg Zerg
  • League: Silver
  • Spawn Location: 3:00

VOD

Have the link to the VOD?

Description

Time

  • Played on: March 20, 2019, 10:20 p.m.
  • Length: 6:22
Show
View Real Time Build Order
Export as new Build Order

UNCLESAM Protoss 

Build Orders:  

Get SALT Encoding   

  12  0:00  Probe  
  13  0:08  Probe  
  14  0:18  Probe  
  15  0:46  Pylon  
  15  0:50  Pylon  
  15  0:56  Pylon  
  15  0:58  Pylon  
  15  1:01  Probe  
  15  1:09  Probe  
  16  1:12  Assimilator  
  17  1:18  Probe  
  17  1:19  Assimilator  
  18  1:30  Forge, Probe  
  19  1:43  Probe  
  20  2:02  Nexus  
  20  2:08  Pylon  
  20  2:16  Pylon  
  20  2:21  Assimilator  
  20  2:28  Photon Cannon  
  20  2:37  Probe  
  20  2:38  Photon Cannon  
  21  2:45  Probe  
  22  2:56  Probe  
  23  3:01  Photon Cannon  
  23  3:29  Gateway  
  23  3:33  Photon Cannon  
  23  3:43  Probe  
  23  3:44  Photon Cannon  
  24  3:51  Probe  
  25  3:58  Assimilator  
  25  4:00  Probe  
  25  4:09  Photon Cannon  
  26  4:12  Photon Cannon  
  26  4:13  Probe  
  26  4:16  Photon Cannon  
  27  4:19  Photon Cannon  
  27  4:25  Probe  
  25  4:40  Pylon  
  22  4:53  Pylon  
  22  5:05  Pylon  
Show
View Real Time Build Order
Export as new Build Order

Throwfordays Zerg - Winner!

Build Orders: Hatch First 

Get SALT Encoding   

  12  0:01  Drone  
  13  0:09  Drone  
  14  0:36  Hatchery  
  14  0:38  Drone  
  14  0:55  Spawning Pool  
  13  0:59  Drone  
  14  1:07  Overlord  
  14  1:16  Overlord  
  14  1:28  Extractor  
  14  1:29  Drone x2  
  14  1:32  Drone  
  16  1:41  Queen  
  16  1:45  Drone  
  19  1:49  Drone  
  20  1:59  Queen  
  22  2:04  Drone  
  22  2:07  Drone  
  24  2:10  Drone  
  24  2:12  Drone  
  26  2:24  Zergling x2  
  26  2:27  Drone  
  28  2:38  Zergling x4  
  28  2:42  Drone  
  28  2:43  Drone  
  32  2:50  Drone, Evolution Chamber  
  32  2:52  Zergling x6  
  32  2:55  Drone  
  36  2:59  Metabolic Boost  
  36  3:01  Overlord  
  36  3:06  Overlord  
  36  3:19  Queen  
  38  3:21  Queen  
  38  3:25  Overlord  
  40  3:29  Drone  
  40  3:31  Drone  
  40  3:33  Drone  
  43  3:38  Zerg Melee Weapons Level 1  
  43  3:40  Zergling x2  
  44  3:42  Zergling x2  
  44  3:44  Zergling x2  
  44  4:21  Zergling x10  
  44  4:22  Zergling x2  
  44  4:23  Zergling x6  
  44  4:24  Zergling x2  
  52  4:39  Drone  
  53  4:46  Overlord  
  53  4:52  Zergling x6  
  47  5:36  Zergling x4  
  47  5:37  Zergling x2  
  47  5:39  Zergling x4  
  47  5:40  Zergling x4  
  54  5:45  Drone  
Tags
 
League
Silver
Matchup
PvZ
Replay Pack
Multiplayer
Spawn Locations
Cross Positions
Add a new tag
Caveats
  • Supply blocks, unpowered buildings, or Contaminate may cause inaccurate times.
  • Supply counts are checked every 10 seconds.